 Dungeon Sprint DCSS version 0.24-a0-539-g6aae15e (webtiles) character file.

Game seed: 13034488997078333161

6 Faca the Skirmisher (level 1, -1/21 HPs)
             Began as a Deep Dwarf Fighter on Aug 18, 2019.
             Splashed by a jelly's acid (8 damage)
             ... in the Dungeon (Sprint IX: "|||||||||||||||||||||||||||||").
             The game lasted 00:00:12 (33 turns).

Faca the Skirmisher (Deep Dwarf Fighter)              Turns: 33, Time: 00:00:12

Health: -1/21      AC:  2    Str: 19    XL:     1   Next: 75%
Magic:  1/1        EV:  7    Int:  8    God:
Gold:   0          SH:  9    Dex: 12    Spells: 0/0 levels left

rFire    . . .     SeeInvis .   a - +0 war axe
rCold    . . .     Gourm    .   c - +0 shield
rNeg     . . .     Faith    .   b - +0 scale mail
rPois    .         Spirit   .   (no helmet)
rElec    .         Reflect  .   (no cloak)
rCorr    .         Harm     .   (no gloves)
MR       .....     NoTele   +   (no boots)
Stlth    ..........             (no amulet)
HPRegen  0.00/turn              (no ring)
MPRegen  0.07/turn              (no ring)

@: corroded, non-regenerating
A: damage resistance, heal wounds, sense surroundings 1, no regeneration
a: Heal Wounds


You were in the Dungeon.
You were not hungry.

You visited 1 branch

Inventory:

Hand Weapons
 a - a +0 war axe (weapon)
Armour
 b - a +0 scale mail (worn)
 c - a +0 shield (worn)
Scrolls
 k - a scroll of blinking
Potions
 d - a potion of might
 e - a potion of curing
 g - a potion of heal wounds
 h - a potion of haste
 i - 2 potions of magic
 j - a potion of berserk rage
Comestibles
 f - a ration


   Skills:
 + Level 3.5 Fighting
 + Level 3.5 Axes
 - Level 3.2 Armour
 - Level 3.2 Shields


You couldn't memorise any spells.
You didn't know any spells.
Your spell library was empty.

Dungeon Overview and Level Annotations

Branches:
Dungeon (1/1)

Altars:


Innate Abilities, Weirdness & Mutations

You are resistant to damage.
You can heal yourself by infusing magical energy.
You passively map a small area around you.
You do not regenerate.


Message History

The giant cockroach bites you but does no damage.
You closely miss the giant cockroach.
The giant cockroach bites you but does no damage.
Your scale mail prevents you from hitting the giant cockroach.
You block the giant cockroach's attack. x2
You slash the giant cockroach!
You kill the giant cockroach!
You see here a bat corpse.
You open the door.
A jelly, an orc, a crimson imp, a zombie and a skeleton come into view.
The orc shouts!
The crimson imp shouts!
You slash the ball python skeleton!
You destroy the ball python skeleton!
The jelly hits you. The acid corrodes you!
You are splashed with acid!
There is an open door here.
Your shield and scale mail prevent you from hitting the jelly.
You block the jelly's attack. The jelly completely misses you.
You hit the jelly but do no damage.
Your hands burn!
The jelly hits you.
You are splashed with acid!
You die...

* ,
,▓.▓
* ▓.▓
,
,▓†▓
,*
▓†▓ *
▓.▓
▓.▓
▓.▓ *
▓.▓
*,
▓@▓ ,
,▓J▓
*, ,*
▓o▓
▓5▓
*,▓Z▓
, ▓.▓
, *
▓+▓ *
*


You could see a jelly, a crimson imp, an orc and an adder zombie.

Vanquished Creatures
  A giant cockroach (D)
  A hobgoblin (D)
  A jackal (D)
  A ball python skeleton (D)
  A bat (D)
  A rat (D)
6 creatures vanquished.

Notes
Turn   | Place    | Note
-------+----------+-------------------------------------------
     0 | D        | Faca the Deep Dwarf Fighter began the quest for the Orb.
     0 | D        | Reached XP level 1. HP: 20/20 MP: 1/1
    29 | D        | Noticed a jelly
    29 | D        | Noticed a crimson imp
    33 | D        | Splashed by a jelly's acid

Levels and vault maps discovered:
D:        linesprint [early_d, line_temple, items_1, d_10, items_2, lair_1,
          lair_end, items_3, orc_1, orc_end, items_4, d_15, swamp_1, shoals_1,
          snake_1, spider_1, d_20, vaults_1, items_5, swamp_end, shoals_end,
          snake_end, spider_end, vaults_end, d_27, items_6, zot_1, zot_end,
          crypt_end, forest_end, elf_end, slime_end, tomb_end, abyss_end,
          pan_hell_end]

Skill      XL: |  1 |
---------------+----+-----
Fighting       | 3 |  3.5
Axes           | 3 |  3.5
Armour         | |  3.2
Shields        | |  3.2

Action                   || total
-------------------------++-------
Melee: War axe           ||    22
Armor: Scale mail        ||     5
Dodge: Dodged            ||     7
Block: Shield            ||    12

Table legend:
 A = Non-vault XP
 B = Vault XP
 C = Vault XP percentage of total XP
 D = Non-vault monster count
 E = Vault monster count
 F = Vault count percentage of total count
                 A         B        C        D         E       F
            +---------+---------+-------+---------+---------+-------
      Total |       0 |       9 | 100.0 |       0 |       6 | 100.0
            +---------+---------+-------+---------+---------+-------
          D |       0 |       9 | 100.0 |       0 |       6 | 100.0
            +---------+---------+-------+---------+---------+-------
